 Dungeon Crawl Stone Soup version 0.23-a0-395-gcf17ac6 (webtiles) character file.

1820 aurelian the Grappler (level 8, -7/63 HPs)
             Began as a Pale Draconian Skald on Nov 1, 2018.
             Was a Follower of Hepliaklqana.
             Mangled by a hornet (11 damage)
             ... on level 6 of the Dungeon.
             The game lasted 00:15:50 (6377 turns).

aurelian the Grappler (Pale Draconian Skald)        Turns: 6377, Time: 00:15:51

Health: -7/63      AC:  8    Str: 15    XL:     8   Next: 85%
Magic:  7/11       EV: 14    Int: 14    God:    Hepliaklqana [*.....]
Gold:   226        SH:  0    Dex: 11    Spells: 6/11 levels left

rFire    . . .     SeeInvis .     - Unarmed
rCold    . . .     Gourm    .   (no shield)
rNeg     . . .     Faith    .   (armour unavailable)
rPois    +         Spirit   .   (helmet restricted)
rElec    .         Reflect  .   (no cloak)
rCorr    .         Harm     .   f - +0 pair of gloves
MR       .....                  e - +0 pair of boots
Stlth    +.........             (no amulet)
HPRegen  0.20/turn              d - ring of poison resistance
MPRegen  0.12/turn              (no ring)

@: lethally poisoned (-7 -> -9), very slightly contaminated
A: breathe steam, unfitting armour, reduced essence, cold-blooded, AC +6
a: Breathe Steam, Recall Ancestor, Ancestor Identity, Renounce Religion


You were on level 6 of the Dungeon.
You worshipped Hepliaklqana.
Hepliaklqana was aware of your devotion.
You were not hungry.

You visited 2 branches of the dungeon, and saw 7 of its levels.

You collected 226 gold pieces.

Inventory:

Hand Weapons
 g - a +1 dagger of draining
Missiles
 l - 23 poisoned needles
 p - 110 stones (quivered)
Armour
 e - a +0 pair of boots (worn)
 f - a +0 pair of gloves (worn)
 s - a +0 buckler
Jewellery
 d - a ring of poison resistance (left hand)
 j - an uncursed ring of fire
Wands
 q - a wand of iceblast (3)
Scrolls
 h - 3 scrolls of remove curse
 m - 2 scrolls of teleportation
Potions
 a - 5 potions of flight
 c - a potion of magic
 n - a potion of invisibility {unknown}
 o - a potion of curing {unknown}
 r - a potion of ambrosia {unknown}
 t - a potion of haste {unknown}
Comestibles
 b - 11 rations


   Skills:
 + Level 6.5 Fighting
 + Level 5.1 Dodging
 * Level 8.3 Unarmed Combat
 - Level 2.0 Spellcasting
 + Level 3.7 Charms


You had 6 spell levels left.
You knew the following spells:

 Your Spells              Type           Power        Failure   Level  Hunger
a - Infusion              Chrm           ##..         5%          1    ##.....
b - Shroud of Golubria    Chrm/Tloc      #.........   17%         2    ###....
c - Song of Slaying       Chrm           ##......     8%          2    ###....

Your spell library contained the following spells:

 Spells                   Type           Power        Failure   Level  Hunger
 Regeneration             Chrm/Necr      #.........   32%         3    ####...
 Spectral Weapon          Hex/Chrm       #.......     32%         3    ####...


Dungeon Overview and Level Annotations

Branches:
Dungeon (6/15)             Temple (1/1) D:4

Altars:
Ashenzari
Dithmenos
Elyvilon
Fedhas
Gozag
Hepliaklqana
Kikubaaqudgha
Nemelex Xobeh
Qazlal
Ru
Sif Muna
Trog
Vehumet
Wu Jian
Xom
Yredelemnul
Zin
The Shining One
Beogh

Annotations:
D:5 3 runed doors, tardigrad's ghost, novice MfSk


Innate Abilities, Weirdness & Mutations

You can breathe blasts of scalding, opaque steam.
Your pale cyan-grey scales are hard. (AC +6)
You cannot fit into any form of body armour.
You are cold-blooded and may be slowed by cold attacks.
Your life essence is reduced to manifest your ancestor. (-10% HP)


Message History

* * * LOW HITPOINT WARNING * * *
You are poisoned.
You swap places.
You feel sick.
The hornet stings you but does no damage.
Impisi hits the hornet.
Unknown command.
You feel sick.
Impisi hits the hornet but does no damage.
Unknown command.
The hornet stings you.
* * * LOW HITPOINT WARNING * * *
Unknown command.
Okay, then.
Evoke which item? (* to show all) (? for menu, Esc to quit)
Aiming: Iceblast
Press: ? - help, Shift-Dir - straight line The mass of ice explodes!
The iceblast engulfs the hornet.
The hornet is severely wounded.
You feel sick. The hornet stings you!
You die...

.....# #.#'## +#
####.####..†.#
.......).....#
####.####....#
.......##....# #+########
.............# #.........
#.#..#+##..### #...).....
#.##....#..#######R........
#..'....#.......@y.########
####........#####..####
.........(......#.....#
............###.##'##.#
##..####....# #.#...#.#
.#..####....###.#...#.#
.#...........##.#...#.#
##...........##.#...#.#
..............#.##'##.#


You could see the friendly Impisi the ancestor and a hornet.

Vanquished Creatures
  Edmund (D:4)
  2 orc warriors (D:6)
  A black bear (D:6)
  A slave (Temple)
  A phantom (D:3)
  A centaur (D:5)
  2 bullfrogs (D:6)
  A crimson imp (D:5)
  A hound (D:6)
  3 orc priests (D:6)
  2 bullfrog skeletons
  3 orc wizards
  A gnoll shaman (D:5)
  A hound zombie (D:5)
  6 adders
  5 gnolls (D:5)
  2 oozes
  5 worms
  A dart slug (D:2)
  2 leopard geckos
  15 orcs
  4 giant cockroaches
  4 goblins
  9 hobgoblins
  10 jackals
  5 kobolds
  9 bats
  3 frilled lizards
  A goblin skeleton (D:5)
  3 hobgoblin zombies (D:5)
  A kobold skeleton (D:5)
  A leopard gecko skeleton (D:4)
  An orc skeleton (D:5)
  6 rats
114 creatures vanquished.

Vanquished Creatures (collateral kills)
  Pikel (Temple)
  An ogre (D:6)
  A jelly (D:5)
  2 gnolls (D:5)
  An adder (D:5)
  A shadow imp (D:5)
  2 orcs (D:6)
  A goblin (D:6)
  A jackal (D:5)
  A frilled lizard (D:5)
  A goblin zombie (D:5)
  A hobgoblin zombie (D:5)
  An orc zombie (D:5)
15 creatures vanquished.

Vanquished Creatures (others)
  2 ancestors
  5 toadstools (D:1)
7 creatures vanquished.

Grand Total: 136 creatures vanquished

Notes
Turn   | Place    | Note
-------+----------+-------------------------------------------
     0 | D:1      | aurelian the Draconian Skald began the quest for the Orb.
     0 | D:1      | Reached XP level 1. HP: 17/17 MP: 3/3
    76 | D:1      | Reached XP level 2. HP: 17/25 MP: 5/5
   852 | D:1      | Reached skill level 3 in Unarmed Combat
  1394 | D:2      | Learned a level 2 spell: Shroud of Golubria
  1413 | D:2      | Reached XP level 3. HP: 27/30 MP: 6/6
  2168 | D:3      | Reached XP level 4. HP: 37/38 MP: 2/7
  2543 | D:3      | Found a glowing silver altar of Zin.
  2660 | D:3      | Reached skill level 4 in Unarmed Combat
  3153 | D:4      | Noticed a phantom
  3242 | D:3      | Killed a phantom
  3242 | D:3      | Reached XP level 5. HP: 9/46 MP: 4/8
  3649 | D:4      | Noticed Edmund
  3670 | D:4      | Killed Edmund
  3670 | D:4      | Reached skill level 5 in Unarmed Combat
  3670 | D:4      | Reached XP level 6. HP: 26/52 MP: 5/9
  3892 | D:4      | Found a staircase to the Ecumenical Temple.
  3894 | D:4      | Noticed a slave
  3894 | D:4      | Noticed a slave
  3897 | D:4      | Noticed Pikel
  3897 | Temple   | Entered the Ecumenical Temple
  4063 | Temple   | Became a worshipper of Hepliaklqana the Forgotten
  4112 | D:4      | Noticed a slave
  4114 | D:4      | Noticed a slave
  4120 | Temple   | Killed a slave
  4126 | Temple   | Killed Pikel
  4126 | Temple   | Reached skill level 5 in Fighting
  4126 | Temple   | Reached skill level 6 in Unarmed Combat
  4126 | Temple   | Your scales start taking on a pale cyan-grey colour.
  4126 | Temple   | Reached XP level 7. HP: 21/54 MP: 8/10
  4361 | D:5      | Entered Level 5 of the Dungeon
  4380 | D:5      | Found a runed gate.
  4382 | D:5      | Noticed tardigrad's ghost (novice MfSk)
  4504 | D:5      | Found a runed gate.
  4505 | D:5      | Found a runed gate.
  4839 | D:5      | Reached skill level 7 in Unarmed Combat
  5146 | D:5      | Reached XP level 8. HP: 49/62 MP: 11/11
  5344 | D:5      | Found a glowing golden altar of the Shining One.
  5528 | D:5      | Found a roughly hewn altar of Beogh.
  5544 | D:5      | Learned a level 2 spell: Song of Slaying
  5893 | D:6      | Reached skill level 8 in Unarmed Combat
  5964 | D:6      | Reached * piety under Hepliaklqana
  5994 | D:6      | Reached skill level 5 in Dodging
  6297 | D:6      | Found a radiant altar of Vehumet.
  6299 | D:6      | Found a shimmering altar of Xom.
  6358 | D:6      | Noticed a hornet
  6377 | D:6      | Mangled by a hornet

Vault maps used:
D:1:      ldierk_walled_garden
D:3:      zin_treasury
D:4:      temple_doors_e, uniq_edmund, uniq_pikel
D:5:      serial_glass, glass_columns_a, glass_columns_a, glass_columns_a,
          first_ration, biasface_ghost_orc_armoury, nicolae_tso_besieged_by_evil
D:6:      corexii_shack_village, nicolae_overflow_hidden_temple
Temple:   regret_index_temple_waves

Skill      XL: |  1  2  3  4  5  6  7  8 |
---------------+-------------------------+-----
Unarmed Combat | 3 4 5 6 7 8 |  8.3
Fighting       | 3 4 5 6 |  6.5
Dodging        | 3 4 5 |  5.1
Charms         | 3 |  3.7
Spellcasting   | |  2.0

Action                   |  1- 3 |  4- 6 |  7- 9 || total
-------------------------+-------+-------+-------++-------
Melee: Unarmed           |   148 |    99 |   200 ||   447
       Tailslap          |    18 |    10 |    21 ||    49
       Punch             |       |       |     8 ||     8
 Fire: Hunting sling     |       |     9 |       ||     9
Throw: Stone             |       |     7 |       ||     7
 Cast: Infusion          |     8 |    10 |     7 ||    25
       Shroud of Golubri |       |       |     2 ||     2
 Abil: Breathe Steam     |       |       |     4 ||     4
Evoke: Wand              |       |     5 |     1 ||     6
  Use: Scroll            |       |     1 |     7 ||     8
 Stab: Sleeping          |     2 |       |       ||     2
       Distracted        |       |       |     1 ||     1
  Eat: Chunk             |     4 |     5 |     6 ||    15
       Ration            |       |     1 |       ||     1
Armor: Skin              |    77 |    19 |    52 ||   148
Dodge: Dodged            |   135 |    49 |   106 ||   290

Table legend:
 A = Non-vault XP
 B = Vault XP
 C = Vault XP percentage of total XP
 D = Non-vault monster count
 E = Vault monster count
 F = Vault count percentage of total count
                 A         B        C        D         E       F
            +---------+---------+-------+---------+---------+-------
      Total |    1780 |     820 |  31.5 |     106 |      22 |  17.2
            +---------+---------+-------+---------+---------+-------
        D:1 |      32 |       0 |   0.0 |      15 |       0 |   0.0
        D:2 |      44 |       0 |   0.0 |      18 |       0 |   0.0
        D:3 |     195 |       0 |   0.0 |      19 |       0 |   0.0
        D:4 |      47 |     166 |  77.9 |       4 |       1 |  20.0
        D:5 |     457 |      61 |  11.8 |      31 |      10 |  24.4
        D:6 |    1005 |      22 |   2.1 |      19 |      10 |  34.5
     Temple |       0 |     571 | 100.0 |       0 |       1 | 100.0
            +---------+---------+-------+---------+---------+-------
